Unix NetHack Version 3.7.0-94 Work-in-progress - last build Dec 18 2023 00:11:04 (7e3deff068b9ef4f2ebb9a71ea0f5c4a3b578a14,branch:master). Game began 2023-12-22 21:03:38, ended 2023-12-22 21:16:11. xororand, neutral male human Priest ------- ------ ----- -`.... ....|------.|.-- .....- -..|.........<| @ -...|-----...----.....-- |...|.*........--......| @ |...|.--------.........| @ |...|.| --.......-- ---...| ---.....| @ |.--- ---..-- |. ---- @ -.. @ @.@. : @ f... -..- @ f |.-- f |.| |.| |.| --- Xororand the Adept St:16 Dx:9 Co:15 In:13 Wi:17 Ch:8 Neutral S:3701 Dlvl:7 $:1811 HP:0(49) Pw:74(74) AC:4 Xp:6/395 T:2325 Blind Latest messages: You hit wintergalaxy88's ghost! Wintergalaxy88's ghost touches you! You miss wintergalaxy88's ghost. You miss wintergalaxy88's ghost. You miss wintergalaxy88's ghost. You miss wintergalaxy88's ghost. You destroy wintergalaxy88's ghost! There is a grave here. Something is engraved here on the headstone. You read: "wintergalaxy88, killed by a large cat called Poes". There are many objects here. $ - 1728 gold pieces (1811 in total). Z - a cursed food ration. E - 2 cursed fortune cookies (4 in total). r - a cursed sprig of wolfsbane. N - a cursed scroll labeled LEP GEX VEN ZEA. R - a cursed scroll labeled VENZAR BORGAVVE. W - 4 cursed fizzy potions. You have a little trouble lifting 3 cursed fizzy potions. Continue? [ynq] (q) y You have a little trouble lifting W - 3 cursed fizzy potions (7 in total). Your knapsack cannot accommodate any more items. Your movements are slowed slightly because of your load. What do you want to use or apply? [g-iyzMS or ?*] ? The yellow light explodes! You are blinded by a blast of light! A rabid rat suddenly appears! You swap places with the peaceful watch captain. What do you want to throw? [$D or ?*] Z In what direction? k The rabid rat misses! The rabid rat bites! You miss the rabid rat. The rabid rat misses! You hit the rabid rat. The rabid rat bites! You kill the rabid rat! You hear a nearby zap. The bolt of cold hits you! You hear someone praising Amaterasu Omikami. You hear a nearby zap. The bolt of cold hits you! Your murky potion freezes and shatters! Your movements are now unencumbered. Some of your fizzy potions freeze and shatter! You die... Do you want your possessions identified? [ynq] (y) n Do you want to see your attributes? [ynq] (y) n Do you want an account of creatures vanquished? [ynaq] (y) n Do you want to see your conduct and achievements? [ynq] (y) n Do you want to see the dungeon overview? [ynq] (y) n Inventory: Coins $ - 1811 gold pieces Weapons D - a rustproof +0 orcish dagger a - a blessed +1 mace (weapon in right hand) Armor V - a rusty +0 dwarvish iron helm (being worn) t - a +0 pair of high boots (being worn) c - a +0 small shield (being worn) b - a +0 robe (being worn) Comestibles I - 2 slime molds e - a clove of garlic E - 4 cursed fortune cookies J - a lembas wafer f - a sprig of wolfsbane r - a cursed sprig of wolfsbane O - a tin of sauteed pony meat Y - 2 tins of soup made from lichen Scrolls R - a cursed scroll of confuse monster F - a scroll of earth N - a cursed scroll of earth x - a blessed scroll of enchant weapon T - a scroll of identify H - a scroll of light k - a cursed scroll of magic mapping C - a scroll of remove curse u - a scroll of scare monster L - a scroll of scare monster q - a scroll of stinking cloud Spellbooks i - a blessed spellbook of charm monster g - a spellbook of healing h - a spellbook of stone to flesh Potions n - a potion of booze v - a blessed potion of confusion P - 2 potions of extra healing j - 3 potions of healing W - 4 cursed potions of healing G - a potion of object detection s - a potion of restore ability m - a potion of speed d - 2 potions of holy water X - a potion of water Rings A - a ring of cold resistance o - a ring of invisibility (on left hand) p - a ring of invisibility w - a ring of levitation K - a ring of protection from shape changers Wands z - a wand of light (0:13) Tools y - an empty cursed bag of holding M - a blindfold S - a tallow candle Gems/Stones U - a turquoise stone B - a worthless piece of white glass Q - a worthless piece of yellow glass Xororand the Priest's attributes: Background: You were an Adept, a level 6 human Priest. You were neutral, on a mission for Raijin who was opposed by Amaterasu Omikami (lawful) and Susanowo (chaotic). You were right-handed. You were in the Gnomish Mines, on level 7. You entered the dungeon 2325 turns ago. You had 395 experience points, 245 more were needed to attain level 7. Your score was 3701 before end-of-game adjustments. Basics: You had 0 out of 49 hit points. You had all 74 energy points (spell power). Your armor class was 4. Your wallet contained 1811 zorkmids. Autopickup was off. Final Characteristics: Your strength was 16 (limit:18/100). Your dexterity was 9 (limit:18). Your constitution was 15 (limit:18). Your intelligence was 13 (limit:18). Your wisdom was 17 (limit:18). Your charisma was 8 (limit:18). Final Status: You were temporarily blind. You weren't hungry. You were unencumbered. You were wielding a mace. You were skilled in mace. Final Attributes: You were piously aligned. You were telepathic. You were invisible. You were guarded. You are dead. Miscellaneous: You encountered 1 bones level. Total elapsed playing time was 12 minutes and 32 seconds. Major events: Turn 1: xororand the neutral human Priest entered the dungeon 1298: attained the rank of Acolyte (level 3) 1533: entered the Gnomish Mines 2158: attained the rank of Adept (level 6) 2240: reached Mine Town 2278: destroyed wintergalaxy88's ghost, the former Skirmisher 2325: killed by a bolt of cold zapped by a Green-elf Vanquished creatures: a ghost a gnome mummy 3 yellow lights a shrieker 3 gnome leaders a gnomish wizard a gray ooze a floating eye a kitten 3 dwarves a homunculus a kobold leader 4 hill orcs a rabid rat a giant bat a werejackal a hobbit a giant rat 3 brown molds 16 gnomes a gecko 3 jackals a goblin a sewer rat 5 grid bugs a lichen a kobold zombie 6 newts 65 creatures vanquished. No species were genocided or became extinct. Voluntary challenges: You read items or engraved 1 time. You never engraved Elbereth. You never genocided any monsters. You never polymorphed an object. You never changed form. You used no wishes. Achievements: You attained the rank of Acolyte. You entered the Gnomish Mines. You attained the rank of Adept. You entered Minetown. The Dungeons of Doom: levels 1 to 4 Level 1: An altar to Raijin. Level 2: A fountain. Level 3: A fountain, a sink. Level 4: Some fountains. Stairs down to The Gnomish Mines. The Gnomish Mines: levels 5 to 7 Level 5: Level 6: Level 7: <- You were here. A grave. Final resting place for you, killed by a bolt of cold zapped by a Green-elf, wintergalaxy88-Val-Dwa-Fem-Law, killed by a large cat called Poes, GrmlyFndsh-Mon-Hum-Mal-Neu, killed by a bolt of cold zapped by a Green-elf, Loggers-Mon-Hum-Fem-Cha, killed by an iguana, while frozen by a floating eye's gaze. Game over: ---------- / \ / REST \ / IN \ / PEACE \ / \ | xororand | | 1811 Au | | killed by a bolt | | of cold zapped | | by a Green-elf | | | | 2023 | *| * * * | * _________)/\\_//(\/(/\)/\//\/|_)_______ Goodbye xororand the Priest... You died in The Gnomish Mines on dungeon level 7 with 3520 points, and 1811 pieces of gold, after 2325 moves. You were level 6 with a maximum of 49 hit points when you died.